Stars vs BlackHawks

Created - February 22, 2016 at 18:30

Goals
1 2 3 T
Stars 1 2 2 5
BlackHawks 1 0 0 1
Shots
1 2 3 T
Stars 12 9 13 34
BlackHawks 7 1 3 11

1st period

1. Stars , Evgeni Malkin 31 (Tyler Seguin, Shea Weber) at 16:53 (PP)
2. BlackHawks , Dion Phaneuf 7 (Dwight King, Trevor Lewis) at 18:29 (PP)

Penalties :
Dion Phaneuf (CHI) for Roughing (Minor) at 7:07, Zack Kassian (CHI) for Hooking (Minor) at 16:39, Jonathan Huberdeau (DAL) for Hooking (Minor) at 18:07

2nd period

3. Stars , Ryan Callahan 20 (Jonathan Huberdeau, Patrik Elias) at 1:59 (PP)
4. Stars , John Mitchell 6 (Shea Weber, Patrik Elias) at 14:42

Penalties :
Tom Wilson (CHI) for Slashing (Minor) at 1:53, Dion Phaneuf (CHI) for Interference (Minor) at 3:05, Dion Phaneuf (CHI) for Tripping (Minor) at 6:40, Paul Byron (DAL) for High sticking (Minor) at 12:27, Bobby Farnham (CHI) for Hooking (Minor) at 17:03

3rd period

5. Stars , Evgeni Malkin 32 (Nikita Kucherov, Zdeno Chara) at 0:28
6. Stars , John Mitchell 7 (Paul Byron, Zdeno Chara) at 15:34

Penalties :
Adam McQuaid (CHI) for High sticking (Minor) at 3:30, David Backes (DAL) for Roughing (Minor) at 8:49, Adam McQuaid (CHI) for Holding (Minor) at 12:52, Dion Phaneuf (CHI) for Holding (Minor) at 17:21

Goalie Stats

Jonathan Quick (DAL), 10 saves from 11 shots - (0.909), W, 37-19-4, 60:00 minutes
Sergei Bobrovsky (CHI), 29 saves from 34 shots - (0.853), L, 17-23-7, 60:00 minutes

Players Stats for Stars

Player Name              G  A  P  +/- PIM S  H  SB GA TA FO     MP     PP MP  PK MP  
------------------------------------------------------------------------------------
Brad Malone              0  0  0   0  0   0  1  0  0  0  1/3     5:58   0:36   1:23 
Brandon Manning          0  0  0   0  0   0  0  0  0  0  0/0     0:00   0:00   0:00 
Clayton Stoner           0  0  0   0  0   0  1  0  0  0  0/0    12:56   0:00   0:17 
David Backes             0  0  0   1  2   2  4  1  0  0  15/29  20:10   6:53   1:05 
Evgeni Malkin            2  0  2   1  0   6  0  1  0  0  3/4    23:39   7:20   1:08 
John Mitchell            2  0  2   2  0   2  5  0  0  0  0/0    12:37   0:00   0:00 
Jonathan Huberdeau       0  1  1   0  2   3  0  0  0  0  0/2    21:52   6:53   1:21 
Mark Stuart              0  0  0   0  0   0  4  0  0  0  0/0    15:02   0:00   2:23 
Nikita Kucherov          0  1  1   1  0   6  0  0  0  0  1/1    21:23   7:20   1:50 
Olli Maatta              0  0  0   1  0   1  0  0  0  0  0/0    20:26   6:21   1:57 
Patrik Elias             0  2  2   2  0   3  0  0  0  0  9/10   19:46   7:52   0:18 
Paul Byron               0  1  1   2  2   4  0  0  0  0  1/3    12:36   0:00   0:00 
Rob Scuderi              0  0  0   2  0   0  0  1  0  0  0/0    15:56   0:00   0:00 
Ryan Callahan            1  0  1   0  0   4  4  0  0  0  0/2    21:50   6:53   1:18 
Shea Weber               0  2  2   1  0   1  3  5  0  0  0/0    23:07   7:52   2:23 
Sven Baertschi           0  0  0   0  0   0  0  0  0  0  0/0     0:00   0:00   0:00 
Tyler Seguin             0  1  1   0  0   2  1  0  0  0  8/22   23:38   6:44   0:17 
Zdeno Chara              0  2  2   2  0   0  0  1  0  0  0/0    24:41   6:21   1:40 

Players Stats for BlackHawks

Player Name              G  A  P  +/- PIM S  H  SB GA TA FO     MP     PP MP  PK MP  
------------------------------------------------------------------------------------
Adam McQuaid             0  0  0  -1  4   1  3  3  0  0  0/0    18:15   0:49   4:51 
Alex Galchenyuk          0  0  0  -1  0   1  0  0  0  0  2/3    16:24   2:03   0:12 
Bobby Farnham            0  0  0   0  2   0  1  0  0  0  0/1     6:12   0:00   0:00 
Brandon Bollig           0  0  0  -2  0   1  0  0  0  0  4/10   10:17   0:00   0:40 
Dion Phaneuf             1  0  1  -1  8   2  4  4  0  0  0/0    21:05   2:46   3:19 
Dwight King              0  1  1   0  0   1  0  0  0  0  0/1    13:45   2:17   0:00 
Jared Boll               0  0  0   0  0   1  0  0  0  0  0/0     6:13   0:00   0:00 
Jason Demers             0  0  0  -1  0   0  0  0  0  0  0/0    16:02   1:34   0:04 
Kevin Bieksa             0  0  0  -1  0   1  2  0  0  0  0/0    21:28   1:34   7:55 
Luke Gazdic              0  0  0  -2  0   0  1  2  0  0  0/0     9:37   0:00   0:00 
Marek Zidlicky           0  0  0  -1  0   0  1  1  0  0  0/0    21:31   1:57   5:33 
Mike Richards            0  0  0   0  0   0  0  0  0  0  18/27  16:41   2:03   8:25 
Robyn Regehr             0  0  0  -1  0   0  3  0  0  0  0/0    21:33   0:00   6:44 
Ryan OReilly             0  0  0  -1  0   0  0  0  0  0  8/13   17:14   2:03   1:02 
Ryan Reaves              0  0  0  -2  0   0  0  0  0  0  0/1     9:37   0:00   0:00 
Tom Wilson               0  0  0  -1  2   1  1  0  0  0  0/0    19:44   0:00   5:36 
Trevor Lewis             0  1  1   0  0   0  0  0  0  0  6/19   19:21   2:17   5:36 
Zack Kassian             0  0  0   0  2   2  2  1  0  0  0/1    20:39   2:17   6:55 

3 Stars

1 - John Mitchell (DAL)
2 - Evgeni Malkin (DAL)
3 - Shea Weber (DAL)

Power Play

Stars - 2 on 9 Attempt(s) - 22.22%
BlackHawks - 1 on 3 Attempt(s) - 33.33%

Penalty Kill

Stars - 2 on 3 Attempt(s) - 66.67% - Score 0 goal in Penalty Kill
BlackHawks - 7 on 9 Attempt(s) - 77.78% - Score 0 goal in Penalty Kill

Team Stat

Stars - Hits : 23 - Faceoff Wins : 38 - Blocked Shots : 9 - Penalty Minutes : 6
BlackHawks - Hits : 18 - Faceoff Wins : 38 - Blocked Shots : 11 - Penalty Minutes : 18

Official

Referees : Darcy Burchell and Tim Peel
Linesman : Andy McElman and Darren Gibbs

Game Notes

No Game Note

Finance

Level 1 -- Attendance: 5550 (85.38%) -- Ticket Income $616,050
Level 2 -- Attendance: 5000 (100.00%) -- Ticket Income $375,000
Level 3 -- Attendance: 3046 (87.03%) -- Ticket Income $167,530
Level 4 -- Attendance: 2860 (76.94%) -- Ticket Income $105,820
Luxury Box -- Attendance: 1000 (100.00%) -- Ticket Income $199,000
Game was played at the United Center.
Total Attendance: 17456 (88.53%)
Total Ticket Income: $1,463,400
Other Income: $219,510
Total Income: $1,682,910

% Time on Ice - Stars

Lines # - Real PCT - Wanted PCT - Time Play
Normal Forward
1 - 29% - 35% - 12:13
2 - 33% - 35% - 13:39
3 - 30% - 20% - 12:37
4 - 7% - 10% - 2:58
Normal Defense
1 - 38% - 40% - 15:56
2 - 29% - 35% - 12:08
3 - 31% - 15% - 12:39
4 - 2% - 10% - 0:44
PP Forward
1 - 52% - 50% - 7:20
2 - 48% - 50% - 6:53
PP Defense
1 - 45% - 50% - 6:21
2 - 55% - 50% - 7:52
PK Forward
1 - 58% - 50% - 2:30
2 - 42% - 50% - 1:50
PK Defense
1 - 55% - 50% - 2:23
2 - 45% - 50% - 1:57
PK3 Forward
1 - 0% - 50%
2 - 0% - 50%
PK3 Defense
1 - 0% - 50%
2 - 0% - 50%
44 Forward
1 - 0% - 50%
2 - 0% - 50%
44 Defense
1 - 0% - 50%
2 - 0% - 50%
Last Minute Offensive  - 0:00
Last Minute Defensive  - 0:00
Total
Forward - 60:00
Defense - 60:00

% Time on Ice - BlackHawks

Lines # - Real PCT - Wanted PCT - Time Play
Normal Forward
1 - 34% - 38% - 14:09
2 - 28% - 32% - 11:28
3 - 15% - 20% - 6:13
4 - 23% - 10% - 9:37
Normal Defense
1 - 36% - 37% - 15:04
2 - 29% - 34% - 11:59
3 - 30% - 29% - 12:22
4 - 5% - 0% - 2:02
PP Forward
1 - 47% - 60% - 2:03
2 - 53% - 40% - 2:17
PP Defense
1 - 64% - 60% - 2:46
2 - 36% - 40% - 1:34
PK Forward
1 - 61% - 55% - 8:37
2 - 39% - 45% - 5:36
PK Defense
1 - 58% - 55% - 8:14
2 - 42% - 45% - 5:59
PK3 Forward
1 - 0% - 50%
2 - 0% - 50%
PK3 Defense
1 - 0% - 55%
2 - 0% - 45%
44 Forward
1 - 0% - 55%
2 - 0% - 45%
44 Defense
1 - 0% - 55%
2 - 0% - 45%
Last Minute Offensive  - 0:00
Last Minute Defensive  - 0:00
Total
Forward - 60:00
Defense - 60:00

Play by Play

1st period


0:01 of 1st period - Alex Galchenyuk wins face-off versus David Backes in neutral zone.
0:09 of 1st period - Nikita Kucherov is hit by Dion Phaneuf and loses puck.
0:28 of 1st period - Shot by Nikita Kucherov.
0:28 of 1st period - Stopped by Sergei Bobrovsky without a rebound.
0:29 of 1st period - Tyler Seguin wins face-off versus Zack Kassian in BlackHawks zone.
0:57 of 1st period - Shot by Trevor Lewis.
0:57 of 1st period - Shot Misses the Net.
1:03 of 1st period - Shot by Trevor Lewis.
1:03 of 1st period - Shot Misses the Net.
1:05 of 1st period - Shot by Kevin Bieksa.
1:05 of 1st period - Stopped by Jonathan Quick without a rebound.
1:06 of 1st period - Mike Richards wins face-off versus Paul Byron in Stars zone.
1:45 of 1st period - Shot by Paul Byron.
1:45 of 1st period - Shot Misses the Net.
1:47 of 1st period - Shot by Paul Byron.
1:47 of 1st period - Stopped by Sergei Bobrovsky without a rebound.
1:48 of 1st period - Evgeni Malkin wins face-off versus Alex Galchenyuk in BlackHawks zone.
1:51 of 1st period - Shot by Tyler Seguin.
1:51 of 1st period - Stopped by Sergei Bobrovsky without a rebound.
1:52 of 1st period - Brandon Bollig wins face-off versus David Backes in BlackHawks zone.
3:20 of 1st period - Shot by Ryan Callahan.
3:20 of 1st period - Stopped by Sergei Bobrovsky without a rebound.
3:21 of 1st period - Trevor Lewis wins face-off versus Paul Byron in BlackHawks zone.
3:35 of 1st period - Off-side.
3:36 of 1st period - Brad Malone wins face-off versus Mike Richards in neutral zone.
5:07 of 1st period - Ryan OReilly is hit by John Mitchell and loses puck.
7:07 of 1st period - Minor Penalty to Dion Phaneuf for Roughing.
7:08 of 1st period - Mike Richards wins face-off versus Brad Malone in BlackHawks zone.
7:50 of 1st period - Icing by Olli Maatta.
7:51 of 1st period - Mike Richards wins face-off versus David Backes in Stars zone.
8:02 of 1st period - Shot by Olli Maatta.
8:02 of 1st period - Shot Misses the Net.
8:12 of 1st period - Shot by Jonathan Huberdeau.
8:12 of 1st period - Stopped by Sergei Bobrovsky without a rebound.
8:13 of 1st period - Tyler Seguin wins face-off versus Trevor Lewis in BlackHawks zone.
8:20 of 1st period - Shot by Nikita Kucherov.
8:20 of 1st period - Shot Misses the Net.
8:50 of 1st period - Off-side.
8:51 of 1st period - David Backes wins face-off versus Trevor Lewis in neutral zone.
9:02 of 1st period - Shot by David Backes.
9:02 of 1st period - Stopped by Sergei Bobrovsky without a rebound.
9:03 of 1st period - Mike Richards wins face-off versus David Backes in BlackHawks zone.
9:09 of 1st period - Icing by Olli Maatta.
9:10 of 1st period - Patrik Elias wins face-off versus Brandon Bollig in Stars zone.
9:10 of 1st period - Patrik Elias is hit by Luke Gazdic.
9:25 of 1st period - Paul Byron is hit by Marek Zidlicky and loses puck.
9:37 of 1st period - Paul Byron is hit by Kevin Bieksa and loses puck.
9:50 of 1st period - Shot by John Mitchell.
9:50 of 1st period - Deflect By Paul Byron.
9:50 of 1st period - Stopped by Sergei Bobrovsky without a rebound.
9:51 of 1st period - David Backes wins face-off versus Trevor Lewis in BlackHawks zone.
10:08 of 1st period - Shot by Evgeni Malkin.
10:08 of 1st period - Stopped by Sergei Bobrovsky with a rebound.
10:18 of 1st period - Shot by David Backes.
10:18 of 1st period - Shot Blocked by Dion Phaneuf.
10:27 of 1st period - Shot by Evgeni Malkin.
10:27 of 1st period - Stopped by Sergei Bobrovsky with a rebound.
10:34 of 1st period - Icing by Dwight King.
10:35 of 1st period - Tyler Seguin wins face-off versus Trevor Lewis in BlackHawks zone.
10:35 of 1st period - Ryan Callahan is hit by Robyn Regehr.
10:42 of 1st period - Jonathan Huberdeau is hit by Dion Phaneuf and loses puck.
11:08 of 1st period - Olli Maatta is hit by Dion Phaneuf and loses puck.
11:13 of 1st period - Shot by Jonathan Huberdeau.
11:13 of 1st period - Shot Misses the Net.
11:36 of 1st period - Paul Byron is hit by Robyn Regehr and loses puck.
11:41 of 1st period - Shot by Paul Byron.
11:41 of 1st period - Shot Misses the Net.
11:43 of 1st period - Shot by Zdeno Chara.
11:43 of 1st period - Shot Blocked by Zack Kassian.
11:45 of 1st period - Shot by Rob Scuderi.
11:45 of 1st period - Shot Misses the Net.
11:47 of 1st period - Shot by Patrik Elias.
11:47 of 1st period - Shot Misses the Net.
12:49 of 1st period - Off-side.
12:50 of 1st period - Mike Richards wins face-off versus David Backes in neutral zone.
12:59 of 1st period - Shot by Jared Boll.
12:59 of 1st period - Shot Blocked by Shea Weber.
13:01 of 1st period - Shot by Jason Demers.
13:01 of 1st period - Shot Misses the Net.
13:03 of 1st period - Shot by Adam McQuaid.
13:03 of 1st period - Stopped by Jonathan Quick without a rebound.
13:04 of 1st period - Brandon Bollig wins face-off versus Jonathan Huberdeau in Stars zone.
13:07 of 1st period - Shot by Brandon Bollig.
13:07 of 1st period - Stopped by Jonathan Quick without a rebound.
13:08 of 1st period - Mike Richards wins face-off versus David Backes in Stars zone.
13:33 of 1st period - Shot by Mike Richards.
13:33 of 1st period - Shot Blocked by Shea Weber.
13:35 of 1st period - Shot by Adam McQuaid.
13:35 of 1st period - Shot Misses the Net.
13:37 of 1st period - Shot by Jared Boll.
13:37 of 1st period - Shot Misses the Net.
13:39 of 1st period - Shot by Mike Richards.
13:39 of 1st period - Shot Blocked by Shea Weber.
13:41 of 1st period - Shot by Jared Boll.
13:41 of 1st period - Shot Blocked by David Backes.
13:43 of 1st period - Shot by Jason Demers.
13:43 of 1st period - Shot Misses the Net.
13:45 of 1st period - Shot by Mike Richards.
13:45 of 1st period - Shot Misses the Net.
13:47 of 1st period - Shot by Jason Demers.
13:47 of 1st period - Shot Misses the Net.
14:12 of 1st period - Shot by Jonathan Huberdeau.
14:12 of 1st period - Shot Misses the Net.
14:14 of 1st period - Shot by Jonathan Huberdeau.
14:14 of 1st period - Shot Misses the Net.
14:16 of 1st period - Shot by Clayton Stoner.
14:16 of 1st period - Shot Misses the Net.
14:57 of 1st period - Shot by Patrik Elias.
14:57 of 1st period - Stopped by Sergei Bobrovsky without a rebound.
14:58 of 1st period - Patrik Elias wins face-off versus Brandon Bollig in BlackHawks zone.
15:14 of 1st period - Icing by Rob Scuderi.
15:15 of 1st period - Patrik Elias wins face-off versus Trevor Lewis in Stars zone.
15:36 of 1st period - Shot by Dwight King.
15:36 of 1st period - Stopped by Jonathan Quick without a rebound.
15:37 of 1st period - David Backes wins face-off versus Bobby Farnham in Stars zone.
16:11 of 1st period - Shot by Nikita Kucherov.
16:11 of 1st period - Stopped by Sergei Bobrovsky without a rebound.
16:12 of 1st period - Ryan OReilly wins face-off versus Tyler Seguin in BlackHawks zone.
16:19 of 1st period - Shot by Jonathan Huberdeau.
16:19 of 1st period - Shot Misses the Net.
16:38 of 1st period - Shot by Tom Wilson.
16:38 of 1st period - Stopped by Jonathan Quick without a rebound.
16:39 of 1st period - Patrik Elias wins face-off versus Trevor Lewis in Stars zone.
16:39 of 1st period - Minor Penalty to Zack Kassian for Hooking.
16:40 of 1st period - Mike Richards wins face-off versus Tyler Seguin in BlackHawks zone.
16:53 of 1st period - Shot by Evgeni Malkin.
16:53 of 1st period - Goal by Evgeni Malkin - Stars : 1 - BlackHawks : 0.
16:54 of 1st period - Trevor Lewis wins face-off versus Tyler Seguin in neutral zone.
17:01 of 1st period - Icing by Jonathan Huberdeau.
17:02 of 1st period - Alex Galchenyuk wins face-off versus Tyler Seguin in Stars zone.
17:03 of 1st period - Shot by Ryan OReilly.
17:03 of 1st period - Shot Blocked by Zdeno Chara.
18:07 of 1st period - Minor Penalty to Jonathan Huberdeau for Hooking.
18:08 of 1st period - David Backes wins face-off versus Trevor Lewis in Stars zone.
18:25 of 1st period - Shot by Trevor Lewis.
18:25 of 1st period - Deflect By Dwight King.
18:25 of 1st period - Shot Misses the Net.
18:27 of 1st period - Shot by Dion Phaneuf.
18:27 of 1st period - Stopped by Jonathan Quick with a rebound.
18:29 of 1st period - Shot by Dion Phaneuf.
18:29 of 1st period - Goal by Dion Phaneuf - Stars : 1 - BlackHawks : 1.
18:30 of 1st period - Paul Byron wins face-off versus Mike Richards in neutral zone.
18:36 of 1st period - Off-side.
18:37 of 1st period - David Backes wins face-off versus Mike Richards in neutral zone.
19:02 of 1st period - David Backes is hit by Bobby Farnham and loses puck.
19:57 of 1st period - Shot by John Mitchell.
19:57 of 1st period - Shot Misses the Net.
Goals for this period are 1 for Stars vs 1 for BlackHawks.
Shots for this period are 12 for Stars vs 7 for BlackHawks.

2nd period


0:01 of 2nd period - Ryan OReilly wins face-off versus David Backes in neutral zone.
0:01 of 2nd period - Ryan OReilly is hit by David Backes.
0:20 of 2nd period - Shot by Nikita Kucherov.
0:20 of 2nd period - Shot Misses the Net.
0:24 of 2nd period - Shot by Nikita Kucherov.
0:24 of 2nd period - Stopped by Sergei Bobrovsky without a rebound.
0:25 of 2nd period - Tyler Seguin wins face-off versus Trevor Lewis in BlackHawks zone.
1:50 of 2nd period - Shot by Alex Galchenyuk.
1:50 of 2nd period - Deflect By Ryan OReilly.
1:50 of 2nd period - Shot Blocked by Evgeni Malkin.
1:53 of 2nd period - Minor Penalty to Tom Wilson for Slashing.
1:54 of 2nd period - David Backes wins face-off versus Mike Richards in BlackHawks zone.
1:57 of 2nd period - Shot by Patrik Elias.
1:57 of 2nd period - Stopped by Sergei Bobrovsky with a rebound.
1:59 of 2nd period - Shot by Jonathan Huberdeau.
1:59 of 2nd period - Deflect By Ryan Callahan.
1:59 of 2nd period - Goal by Ryan Callahan - Stars : 2 - BlackHawks : 1.
2:00 of 2nd period - Patrik Elias wins face-off versus Brandon Bollig in neutral zone.
2:26 of 2nd period - Adam McQuaid is hit by Mark Stuart.
3:04 of 2nd period - Shot by Nikita Kucherov.
3:04 of 2nd period - The goal is going for a video replay.
3:04 of 2nd period - The goal is refused.
3:05 of 2nd period - Tyler Seguin wins face-off versus Trevor Lewis in BlackHawks zone.
3:05 of 2nd period - Minor Penalty to Dion Phaneuf for Interference.
3:06 of 2nd period - Mike Richards wins face-off versus David Backes in BlackHawks zone.
4:41 of 2nd period - Shot by Zack Kassian.
4:41 of 2nd period - Shot Misses the Net.
5:10 of 2nd period - Jonathan Huberdeau is hit by Adam McQuaid and loses puck.
5:16 of 2nd period - Adam McQuaid is hit by John Mitchell and loses puck.
5:20 of 2nd period - Adam McQuaid is hit by Mark Stuart and loses puck.
6:15 of 2nd period - Shot by Tyler Seguin.
6:15 of 2nd period - Shot Misses the Net.
6:40 of 2nd period - Minor Penalty to Dion Phaneuf for Tripping.
6:41 of 2nd period - Mike Richards wins face-off versus David Backes in BlackHawks zone.
6:47 of 2nd period - Icing by Patrik Elias.
6:48 of 2nd period - David Backes wins face-off versus Mike Richards in Stars zone.
6:52 of 2nd period - Off-side.
6:53 of 2nd period - Mike Richards wins face-off versus Tyler Seguin in neutral zone.
7:29 of 2nd period - Icing by Zdeno Chara.
7:30 of 2nd period - Trevor Lewis wins face-off versus Tyler Seguin in Stars zone.
7:33 of 2nd period - Shot by Trevor Lewis.
7:33 of 2nd period - Deflect By Tom Wilson.
7:33 of 2nd period - Shot Misses the Net.
7:52 of 2nd period - Icing by Patrik Elias.
7:53 of 2nd period - David Backes wins face-off versus Mike Richards in Stars zone.
8:06 of 2nd period - Shot by Shea Weber.
8:06 of 2nd period - Shot Misses the Net.
8:18 of 2nd period - Shot by Jonathan Huberdeau.
8:18 of 2nd period - Shot Misses the Net.
9:35 of 2nd period - Dion Phaneuf is hit by John Mitchell and loses puck.
10:03 of 2nd period - Ryan OReilly is hit by Clayton Stoner and loses puck.
10:32 of 2nd period - Shot by Tom Wilson.
10:32 of 2nd period - Shot Misses the Net.
12:03 of 2nd period - Marek Zidlicky is hit by John Mitchell and loses puck.
12:27 of 2nd period - Minor Penalty to Paul Byron for High sticking.
12:28 of 2nd period - David Backes wins face-off versus Ryan OReilly in Stars zone.
12:58 of 2nd period - Icing by Ryan OReilly.
12:59 of 2nd period - Ryan OReilly wins face-off versus Ryan Callahan in BlackHawks zone.
13:24 of 2nd period - Shot by Dwight King.
13:24 of 2nd period - Shot Blocked by Shea Weber.
14:15 of 2nd period - Shot by Olli Maatta.
14:15 of 2nd period - Stopped by Sergei Bobrovsky without a rebound.
14:16 of 2nd period - Trevor Lewis wins face-off versus Ryan Callahan in BlackHawks zone.
14:38 of 2nd period - Icing by Dion Phaneuf.
14:39 of 2nd period - Patrik Elias wins face-off versus Brandon Bollig in BlackHawks zone.
14:42 of 2nd period - Shot by John Mitchell.
14:42 of 2nd period - Goal by John Mitchell - Stars : 3 - BlackHawks : 1.
14:43 of 2nd period - Evgeni Malkin wins face-off versus Brandon Bollig in neutral zone.
14:47 of 2nd period - Icing by Marek Zidlicky.
14:48 of 2nd period - Nikita Kucherov wins face-off versus Ryan Reaves in BlackHawks zone.
14:54 of 2nd period - Marek Zidlicky is hit by Shea Weber and loses puck.
15:11 of 2nd period - Shot by Marek Zidlicky.
15:11 of 2nd period - Shot Hit the Post.
15:19 of 2nd period - Marek Zidlicky is hit by David Backes and loses puck.
15:23 of 2nd period - Icing by Marek Zidlicky.
15:24 of 2nd period - Brandon Bollig wins face-off versus Tyler Seguin in BlackHawks zone.
15:53 of 2nd period - Shot by Tyler Seguin.
15:53 of 2nd period - Shot Blocked by Dion Phaneuf.
15:55 of 2nd period - Shot by Jonathan Huberdeau.
15:55 of 2nd period - Stopped by Sergei Bobrovsky with a rebound.
15:57 of 2nd period - Shot by Tyler Seguin.
15:57 of 2nd period - Shot Misses the Net.
16:09 of 2nd period - Shot by Jonathan Huberdeau.
16:09 of 2nd period - Shot Hit the Post.
16:25 of 2nd period - Shot by Zack Kassian.
16:25 of 2nd period - Stopped by Jonathan Quick without a rebound.
16:26 of 2nd period - Ryan OReilly wins face-off versus David Backes in Stars zone.
16:26 of 2nd period - Alex Galchenyuk is hit by Shea Weber and loses puck.
16:48 of 2nd period - Off-side.
16:49 of 2nd period - Mike Richards wins face-off versus Patrik Elias in neutral zone.
17:03 of 2nd period - Minor Penalty to Bobby Farnham for Hooking.
17:04 of 2nd period - David Backes wins face-off versus Mike Richards in BlackHawks zone.
18:00 of 2nd period - Shea Weber is hit by Tom Wilson and loses puck.
18:27 of 2nd period - Shot by Evgeni Malkin.
18:27 of 2nd period - Shot Blocked by Dion Phaneuf.
18:29 of 2nd period - Shot by Nikita Kucherov.
18:29 of 2nd period - Stopped by Sergei Bobrovsky with a rebound.
18:31 of 2nd period - Shot by Shea Weber.
18:31 of 2nd period - Shot Blocked by Dion Phaneuf.
18:33 of 2nd period - Shot by Shea Weber.
18:33 of 2nd period - Shot Misses the Net.
18:35 of 2nd period - Shot by Nikita Kucherov.
18:35 of 2nd period - Stopped by Sergei Bobrovsky without a rebound.
18:36 of 2nd period - David Backes wins face-off versus Mike Richards in BlackHawks zone.
19:03 of 2nd period - Shot by Jonathan Huberdeau.
19:03 of 2nd period - Shot Misses the Net.
19:16 of 2nd period - Icing by Marek Zidlicky.
19:17 of 2nd period - Brandon Bollig wins face-off versus Evgeni Malkin in BlackHawks zone.
19:50 of 2nd period - Shot by Evgeni Malkin.
19:50 of 2nd period - Shot Misses the Net.
Goals for this period are 2 for Stars vs 0 for BlackHawks.
Shots for this period are 9 for Stars vs 1 for BlackHawks.

3rd period


0:01 of 3rd period - David Backes wins face-off versus Ryan OReilly in neutral zone.
0:12 of 3rd period - Shot by Evgeni Malkin.
0:12 of 3rd period - Stopped by Sergei Bobrovsky with a rebound.
0:28 of 3rd period - Shot by Evgeni Malkin.
0:28 of 3rd period - Goal by Evgeni Malkin - Stars : 4 - BlackHawks : 1.
0:29 of 3rd period - Tyler Seguin wins face-off versus Trevor Lewis in neutral zone.
0:34 of 3rd period - Shot by Ryan Callahan.
0:34 of 3rd period - Stopped by Sergei Bobrovsky without a rebound.
0:35 of 3rd period - Tyler Seguin wins face-off versus Trevor Lewis in BlackHawks zone.
1:01 of 3rd period - Shot by Zack Kassian.
1:01 of 3rd period - Stopped by Jonathan Quick without a rebound.
1:02 of 3rd period - Evgeni Malkin wins face-off versus Ryan OReilly in Stars zone.
1:38 of 3rd period - Shot by Evgeni Malkin.
1:38 of 3rd period - Stopped by Sergei Bobrovsky with a rebound.
2:25 of 3rd period - Olli Maatta is hit by Zack Kassian.
2:47 of 3rd period - Icing by Robyn Regehr.
2:48 of 3rd period - Patrik Elias wins face-off versus Trevor Lewis in BlackHawks zone.
3:15 of 3rd period - Adam McQuaid is hit by John Mitchell and loses puck.
3:20 of 3rd period - Shot by Patrik Elias.
3:20 of 3rd period - Shot Misses the Net.
3:22 of 3rd period - Shot by Patrik Elias.
3:22 of 3rd period - Shot Blocked by Adam McQuaid.
3:24 of 3rd period - Shot by Paul Byron.
3:24 of 3rd period - Shot Misses the Net.
3:29 of 3rd period - Patrik Elias is hit by Adam McQuaid and loses puck.
3:30 of 3rd period - Minor Penalty to Adam McQuaid for High sticking.
3:31 of 3rd period - Mike Richards wins face-off versus Tyler Seguin in BlackHawks zone.
4:22 of 3rd period - Shot by Ryan Callahan.
4:22 of 3rd period - Stopped by Sergei Bobrovsky without a rebound.
4:23 of 3rd period - Mike Richards wins face-off versus Jonathan Huberdeau in BlackHawks zone.
5:50 of 3rd period - Shot by Luke Gazdic.
5:50 of 3rd period - Deflect By Brandon Bollig.
5:50 of 3rd period - Shot Misses the Net.
5:59 of 3rd period - Off-side.
6:00 of 3rd period - Patrik Elias wins face-off versus Ryan OReilly in neutral zone.
6:24 of 3rd period - Shot by Patrik Elias.
6:24 of 3rd period - Shot Misses the Net.
6:26 of 3rd period - Shot by Paul Byron.
6:26 of 3rd period - Stopped by Sergei Bobrovsky without a rebound.
6:27 of 3rd period - Mike Richards wins face-off versus David Backes in BlackHawks zone.
6:53 of 3rd period - Adam McQuaid is hit by David Backes.
6:56 of 3rd period - Icing by Olli Maatta.
6:57 of 3rd period - David Backes wins face-off versus Ryan OReilly in Stars zone.
7:04 of 3rd period - Kevin Bieksa is hit by David Backes and loses puck.
7:13 of 3rd period - Shot by Alex Galchenyuk.
7:13 of 3rd period - Stopped by Jonathan Quick without a rebound.
7:14 of 3rd period - Tyler Seguin wins face-off versus Trevor Lewis in Stars zone.
7:45 of 3rd period - Shot by Tyler Seguin.
7:45 of 3rd period - Shot Misses the Net.
8:15 of 3rd period - Shot by Ryan OReilly.
8:15 of 3rd period - Shot Blocked by Rob Scuderi.
8:45 of 3rd period - Icing by Kevin Bieksa.
8:46 of 3rd period - Ryan OReilly wins face-off versus David Backes in BlackHawks zone.
8:48 of 3rd period - Icing by Marek Zidlicky.
8:49 of 3rd period - Ryan OReilly wins face-off versus David Backes in BlackHawks zone.
8:49 of 3rd period - Minor Penalty to David Backes for Roughing.
8:50 of 3rd period - Trevor Lewis wins face-off versus Brad Malone in Stars zone.
8:59 of 3rd period - Shot by Dion Phaneuf.
8:59 of 3rd period - Shot Blocked by Shea Weber.
9:17 of 3rd period - Shot by Dwight King.
9:17 of 3rd period - Shot Misses the Net.
9:19 of 3rd period - Shot by Zack Kassian.
9:19 of 3rd period - Shot Misses the Net.
11:05 of 3rd period - Ryan Reaves is hit by Mark Stuart and loses puck.
12:05 of 3rd period - Shot by Jared Boll.
12:05 of 3rd period - Stopped by Jonathan Quick without a rebound.
12:06 of 3rd period - Ryan OReilly wins face-off versus Tyler Seguin in Stars zone.
12:16 of 3rd period - Tom Wilson is hit by Shea Weber and loses puck.
12:23 of 3rd period - Shot by Jonathan Huberdeau.
12:23 of 3rd period - Stopped by Sergei Bobrovsky without a rebound.
12:24 of 3rd period - Trevor Lewis wins face-off versus Tyler Seguin in BlackHawks zone.
12:24 of 3rd period - Jason Demers is hit by Ryan Callahan and loses puck.
12:39 of 3rd period - Tyler Seguin is hit by Adam McQuaid and loses puck.
12:44 of 3rd period - Shot by Tyler Seguin.
12:44 of 3rd period - Shot Misses the Net.
12:46 of 3rd period - Shot by Jonathan Huberdeau.
12:46 of 3rd period - Shot Misses the Net.
12:52 of 3rd period - Minor Penalty to Adam McQuaid for Holding.
12:53 of 3rd period - Mike Richards wins face-off versus Tyler Seguin in BlackHawks zone.
12:53 of 3rd period - Mike Richards is hit by Tyler Seguin.
13:02 of 3rd period - Shea Weber is hit by Kevin Bieksa and loses puck.
14:05 of 3rd period - Jonathan Huberdeau is hit by Dion Phaneuf.
14:53 of 3rd period - Jason Demers is hit by Brad Malone and loses puck.
15:05 of 3rd period - Icing by Jason Demers.
15:06 of 3rd period - Patrik Elias wins face-off versus Brandon Bollig in BlackHawks zone.
15:17 of 3rd period - Shot by John Mitchell.
15:17 of 3rd period - Shot Misses the Net.
15:30 of 3rd period - Shot by Paul Byron.
15:30 of 3rd period - Shot Misses the Net.
15:34 of 3rd period - Shot by John Mitchell.
15:34 of 3rd period - Goal by John Mitchell - Stars : 5 - BlackHawks : 1.
15:35 of 3rd period - Ryan OReilly wins face-off versus Tyler Seguin in neutral zone.
15:40 of 3rd period - Shot by Alex Galchenyuk.
15:40 of 3rd period - Deflect By Ryan OReilly.
15:40 of 3rd period - Shot Misses the Net.
15:59 of 3rd period - Shot by Mark Stuart.
15:59 of 3rd period - Shot Misses the Net.
16:26 of 3rd period - Ryan OReilly is hit by Ryan Callahan and loses puck.
16:38 of 3rd period - Icing by Rob Scuderi.
16:39 of 3rd period - David Backes wins face-off versus Dwight King in Stars zone.
16:39 of 3rd period - David Backes is hit by Zack Kassian.
17:08 of 3rd period - Shot by David Backes.
17:08 of 3rd period - Shot Misses the Net.
17:19 of 3rd period - Evgeni Malkin is hit by Robyn Regehr.
17:21 of 3rd period - Shot by David Backes.
17:21 of 3rd period - Stopped by Sergei Bobrovsky without a rebound.
17:21 of 3rd period - Minor Penalty to Dion Phaneuf for Holding.
17:22 of 3rd period - Mike Richards wins face-off versus David Backes in BlackHawks zone.
17:22 of 3rd period - Marek Zidlicky is hit by Ryan Callahan and loses puck.
17:27 of 3rd period - Shot by Ryan Callahan.
17:27 of 3rd period - Shot Blocked by Marek Zidlicky.
17:29 of 3rd period - Shot by Patrik Elias.
17:29 of 3rd period - Stopped by Sergei Bobrovsky with a rebound.
17:31 of 3rd period - Shot by Shea Weber.
17:31 of 3rd period - Shot Misses the Net.
17:33 of 3rd period - Shot by Patrik Elias.
17:33 of 3rd period - Shot Blocked by Adam McQuaid.
17:35 of 3rd period - Shot by Shea Weber.
17:35 of 3rd period - Stopped by Sergei Bobrovsky without a rebound.
17:36 of 3rd period - Mike Richards wins face-off versus Tyler Seguin in BlackHawks zone.
17:55 of 3rd period - Shot by Evgeni Malkin.
17:55 of 3rd period - Deflect By Tyler Seguin.
17:55 of 3rd period - Stopped by Sergei Bobrovsky without a rebound.
17:56 of 3rd period - David Backes wins face-off versus Mike Richards in BlackHawks zone.
19:33 of 3rd period - Luke Gazdic is hit by Mark Stuart and loses puck.
19:46 of 3rd period - Shot by Patrik Elias.
19:46 of 3rd period - Shot Blocked by Luke Gazdic.
19:48 of 3rd period - Shot by Paul Byron.
19:48 of 3rd period - Shot Blocked by Luke Gazdic.
19:50 of 3rd period - Shot by John Mitchell.
19:50 of 3rd period - Shot Misses the Net.
19:52 of 3rd period - Shot by Mark Stuart.
19:52 of 3rd period - Shot Blocked by Adam McQuaid.
19:54 of 3rd period - Shot by Patrik Elias.
19:54 of 3rd period - Deflect By Paul Byron.
19:54 of 3rd period - Stopped by Sergei Bobrovsky without a rebound.
19:55 of 3rd period - Mike Richards wins face-off versus Tyler Seguin in BlackHawks zone.
19:55 of 3rd period - Mike Richards is hit by Ryan Callahan.
Goals for this period are 2 for Stars vs 0 for BlackHawks.
Shots for this period are 13 for Stars vs 3 for BlackHawks.